[Event "Early-Titled-Tuesday-Blitz-May-07-2024"]
[Site "Chess.com"]
[Date "2024.05.07"]
[Round "6"]
[White "Eloist"]
[Black "kylnmd"]
[Result "0-1"]
[WhiteElo "2404"]
[BlackElo "2271"]
[TimeControl "180+1"]
[EndTime "9:10:52 PDT"]
[Termination "kylnmd won by resignation"]

1. e4 c5 2. Nf3 e6 3. d4 cxd4 4. Nxd4 a6 5. Bd3 Nf6 6. O-O d6 7. Qe2 Nbd7 8. c4 Qc7 9. Nc3 Be7 10. f4 O-O 11. Kh1 b6 12. Be3 Bb7 13. b4 d5 14.
e5 dxc4 15. Bxc4 Ne4 16. Nxe4 Bxe4 17. Rac1 Qb7 18. Nxe6 fxe6 19. Bxe6+ Kh8 20. Rfd1 Rad8 21. Qg4 Nb8 22. Rxd8 Rxd8 23. f5 Bd5 24. Bxd5 Qxd5 25. Bxb6 Rf8 26. Rc7 Qxe5 27. h3 Bd6 0-1

[Event "Early-Titled-Tuesday-Blitz-May-07-2024"]
[Site "Chess.com"]
[Date "2024.05.07"]
[Round "6"]
[White "Zarinur"]
[Black "Casablanca"]
[Result "0-1"]
[WhiteElo "2535"]
[BlackElo "2717"]
[TimeControl "180+1"]
[EndTime "9:10:53 PDT"]
[Termination "Casablanca won by checkmate"]

1. e4 c5 2. Nf3 d6 3. Bb5+ Bd7 4.
Bxd7+ Qxd7 5. c4 Nc6 6. d4 cxd4 7. Nxd4 Nf6 8. Nc3 e6 9. O-O Be7 10. b3 O-O 11. Nxc6 Qxc6 12. Qd3 Rfd8 13. Bg5 h6 14. Bh4 a6 15. Rfe1 Rd7 16. a4 Rad8 17. Rac1 Qc5 18. Ne2 Ng4 19. Bg3 Ne5 20. Qd1 Bf6 21.
Kh1 Ng4 22. Rf1 Be5 23. h3 Bxg3 24. hxg4 Bxf2 25. b4 Qa7 26. Qd3 Be3 27. Rcd1 Bg5 28. Rf3 Qb6 29. c5 dxc5 30. Qxd7 Rxd7 31. Rxd7 Bf6 32.
bxc5 Qb1+ 33. Kh2 Be5+ 34. g3 Qxe4 35. Rdxf7 Qxe2+ 36. Rf2 Qxg4 37. Rf8+ Kh7 38. R8f3 Qxa4 39. Kg2 Qe4 40. Kh2 a5 41. Ra3 a4 42. Rfa2 Qg4 43.
Kg2 h5 44. Kh1 Qh3+ 45. Rh2 Qf1# 0-1

[Event "Early-Titled-Tuesday-Blitz-May-07-2024"]
[Site "Chess.com"]
[Date "2024.05.07"]
[Round "6"]
[White "chess_sharparchitect"]
[Black "azikom"]
[Result "0-1"]
[WhiteElo "2265"]
[BlackElo "2734"]
[TimeControl "180+1"]
[EndTime "9:10:54 PDT"]
[Termination "azikom won by resignation"]

1. c4 c5 2. Nf3 g6 3. d4 Bg7 4.
Nc3 cxd4 5. Nxd4 Nc6 6. e3 Nf6 7. Be2 O-O 8. O-O b6 9. Bf3 Bb7 10. b3 Rc8 11. Bb2 Na5 12. Bxb7 Nxb7 13. Qf3 Nc5 14. Rad1 d6 15. Nd5 Qd7 16. h3 Rfe8 17.
Nb5 Nxd5 18. Bxg7 Kxg7 19. Rxd5 a6 20. Nc3 Qc6 21. Rfd1 b5 22. cxb5 axb5 23. b4 Na6 24. Nxb5 Rb8 25. Nd4 Qc3 26. b5 Nb4 27. Rg5 Nxa2 28. Nf5+ Kf8 29. Nh6 Qf6 30. Qg3 Nc3 31.
Re1 Ne4 32. Ng4 Qxg5 33. Qf3 Nf6 34. h4 Qxg4 0-1

[Event "Early-Titled-Tuesday-Blitz-May-07-2024"]
[Site "Chess.com"]
[Date "2024.05.07"]
[Round "6"]
[White "campochess"]
[Black "stepanosinovsky"]
[Result "1-0"]
[WhiteElo "2166"]
[BlackElo "2312"]
[TimeControl "180+1"]
[EndTime "9:10:58 PDT"]
[Termination "campochess won on time"]

1. e4 e5 2. Bc4 Nf6 3. d3 Nc6 4. Nc3 Bb4 5. Ne2 d6 6. O-O Be6 7. Bb5 a6 8. Bxc6+ bxc6 9. d4 exd4 10. Nxd4 Bxc3 11. Nxe6 fxe6 12. bxc3 Nxe4 13. Qg4 Nf6 14. Qxe6+ Qe7 15. Qc4 Kd7 16. Bg5 Rhe8 17. Rad1 Qe6 18. Qa4 Ne4 19. Bd2 Nc5 20. Qh4 Qe4 21. Qh3+ Re6 22.
Rfe1 Qxc2 23. Be3 Nd3 24. Rf1 Nb2 25. Rd4 h6 26. Qg4 g5 27. h4 Rg8 28. Rd2 Qe4 29.
Qxe4 Rxe4 30. Rxb2 gxh4 31. Kh2 Reg4 32. Rg1 h5 33.
Rb4 c5 34. Rf4 Rxf4 35. Bxf4 Rg4 36. Be3 Ra4 37. Bg5 d5 38. Rd1 Kc6 39. Kh3 Rxa2 40. Bxh4 a5 41. f4 1-0

[Event "Early-Titled-Tuesday-Blitz-May-07-2024"]
[Site "Chess.com"]
[Date "2024.05.07"]
[Round "6"]
[White "kpio91"]
[Black "Jospem"]
[Result "0-1"]
[WhiteElo "2865"]
[BlackElo "3057"]
[TimeControl "180+1"]
[EndTime "9:10:59 PDT"]
[Termination "Jospem won by resignation"]

1. e4 Nc6 2. Nf3 d6 3. d4 Nf6 4.
Nbd2 e5 5. c3 Be7 6. Bd3 O-O 7. h3 Re8 8. O-O Bf8 9. Re1 g6 10. b3 Bg7 11. Bb2 Nh5 12. Bf1 Nf4 13. Nc4 exd4 14. cxd4 d5 15. Nce5 dxe4 16. Rxe4 Nxe5 17.
dxe5 Ne6 18. Qe1 c5 19. Rd1 Qc7 20. Nd2 Bd7 21. Nc4 Bc6 22. Re3 Re7 23. Nd6 a6 24. a4 Rb8 25. a5 Rd8 26. Bc4 Rf8 27. Bd5 Bxd5 28. Rxd5 b5 29. axb6 Qxb6 30. Nc4 Qb5 31. Rd6 Rb8 32. g3 Reb7 33. Red3 Bf8 34. R6d5 Ra7 35. Nd6 Qc6 36. Ne4 Rab7 37. Nf6+ Kh8 38.
Rd6 Qc8 39. Qe4 Rb4 40. Qc6 Qxc6 41. Rxc6 Rxb3 42. Nd7 Rxd3 43. Nxb8 Rb3 0-1

[Event "Early-Titled-Tuesday-Blitz-May-07-2024"]
[Site "Chess.com"]
[Date "2024.05.07"]
[Round "6"]
[White "yaguigor"]
[Black "1800_strength"]
[Result "1-0"]
[WhiteElo "2581"]
[BlackElo "2785"]
[TimeControl "180+1"]
[EndTime "9:10:59 PDT"]
[Termination "yaguigor won by resignation"]

1. e4 a5 2. d4 Ra6 3. Bxa6 Nxa6 4. Nf3 b6 5. O-O Bb7 6. Re1 g6 7. Nc3 Bg7 8. Bf4 e6 9. Qd2 h6 10. h3 Ne7 11. a3 g5 12. Bg3 Ng6 13. Ne5 O-O 14. Rad1 d6 15. Nxg6 fxg6 16. e5 d5 17.
Ne2 c5 18. c3 Nb8 19. f4 Ba6 20. fxg5 hxg5 21. Bf2 Nc6 22. Be3 Rf5 23. Ng3 Bh6 24. h4 Rf7 25. Bxg5 Bxg5 26. Qxg5 Qxg5 27. hxg5 Rf4 28.
Ne2 Rf5 29. g3 Rxg5 30. Kf2 Rf5+ 31. Ke3 Rg5 32. Rg1 Rg4 33. Nf4 Kf7 34. Kf3 Rxf4+ 35. gxf4 Bc4 36. Rd2 Bb3 37. Ke3 Ne7 38. Rh2 Nf5+ 39.
Kd3 Bc4+ 40. Kd2 cxd4 41. Rh7+ Kg8 42. Rb7 dxc3+ 43. bxc3 b5 44. Rxg6+ Kf8 45. Rxe6 1-0

[Event "Early-Titled-Tuesday-Blitz-May-07-2024"]
[Site "Chess.com"]
[Date "2024.05.07"]
[Round "6"]
[White "CrushingKings"]
[Black "willyam13"]
[Result "0-1"]
[WhiteElo "2612"]
[BlackElo "2453"]
[TimeControl "180+1"]
[EndTime "9:10:59 PDT"]
[Termination "willyam13 won by resignation"]

1. Nf3 d5 2. g3 Nf6 3. Bg2 c6 4. O-O Bf5 5. d3 e6 6. Nh4 Bg4 7. h3 Bh5 8. g4 Nfd7 9. Nf3 Bg6 10. c4 Be7 11. Nc3 h5 12. e4 hxg4 13. hxg4 dxe4 14. dxe4 Qc7 15. e5 Nxe5 16. Bf4 Nxf3+ 17. Qxf3 Bd6 18. Bxd6 Qxd6 19. Rfd1 Qh2+ 20. Kf1 Nd7 21. Ne4 Bxe4 22.
Qxe4 O-O-O 23. Qe3 Kb8 24. Rd4 Nf6 25. Rad1 Rxd4 26.
Rxd4 Qc7 27. g5 Nd7 28. g6 e5 29. Rd2 f5 30. Qg5 Nf6 31. Qxf5 Re8 32. Re2 Qa5 33. b3 Qc3 34. f4 e4 35. Qh3 Qc1+ 36. Kf2 Qxf4+ 37.
Kg1 Rd8 38. Re1 Rd2 39. Qh8+ Kc7 40. Qxg7+ Kb6 41. Qf8 Qf2+ 0-1

[Event "Early-Titled-Tuesday-Blitz-May-07-2024"]
[Site "Chess.com"]
[Date "2024.05.07"]
[Round "6"]
[White "Heinza9"]
[Black "akanga001"]
[Result "1-0"]
[WhiteElo "2340"]
[BlackElo "2161"]
[TimeControl "180+1"]
[EndTime "9:11:01 PDT"]
[Termination "Heinza9 won by checkmate"]

1. e4 e6 2. c4 e5 3. Nc3 Bc5 4. Nf3 Nc6 5. d3 h6 6. Be2 a6 7. Be3 d6 8. O-O Nf6 9. Qd2 Nd4 10. Bxd4 exd4 11. Nd5 c6 12. Nxf6+ Qxf6 13. b4 Ba7 14. Rfe1 O-O 15. h3 Re8 16. Nh2 a5 17. a3 axb4 18.
axb4 Bd7 19. f4 Qh4 20. Bg4 Bxg4 21. Nxg4 Bb6 22. Qf2 Qe7 23. f5 f6 24. Qg3 Kh7 25.
Nh2 Rad8 26. Qg6+ Kh8 27. Ng4 Rf8 28. Ra2 Qf7 29. Qxf7 Rxf7 30. Rea1 h5 31. Nf2 Rff8 32. g4 Kh7 33. Kg2 Kh6 34. Kg3 hxg4 35. hxg4 Kg5 36.
Rh1 Rh8 37. Nh3+ Kh6 38. Nf4+ Kg5 39. Ne6# 1-0

[Event "Early-Titled-Tuesday-Blitz-May-07-2024"]
[Site "Chess.com"]
[Date "2024.05.07"]
[Round "6"]
[White "SirStrateg"]
[Black "penguingm1"]
[Result "0-1"]
[WhiteElo "2688"]
[BlackElo "2921"]
[TimeControl "180+1"]
[EndTime "9:11:02 PDT"]
[Termination "penguingm1 won by resignation"]

1. d4 d5 2. Bf4 Nf6 3. e3 e6 4. Nf3 Bd6 5. Bg3 O-O 6. Nbd2 c5 7. c3 Qc7 8. Bd3 Nbd7 9. O-O Bxg3 10. hxg3 b6 11.
b4 e5 12. Bb5 e4 13. Nh2 c4 14. a4 a6 15. Bxd7 Bxd7 16. a5 b5 17. f4 exf3 18. Qxf3 Rae8 19. Rae1 Ne4 20. Nxe4 Rxe4 21. Qh5 f5 22. Rf4 Be8 23. Qh4 h6 24. Nf3 g5 25.
Nxg5 hxg5 26. Qxg5+ Qg7 27. Qd8 Qxg3 28. Qxd5+ Bf7 29.
Qxf5 Qxe1+ 30. Rf1 Qxe3+ 0-1

[Event "Early-Titled-Tuesday-Blitz-May-07-2024"]
[Site "Chess.com"]
[Date "2024.05.07"]
[Round "6"]
[White "tusplingher"]
[Black "francyIM"]
[Result "0-1"]
[WhiteElo "2563"]
[BlackElo "2794"]
[TimeControl "180+1"]
[EndTime "9:11:02 PDT"]
[Termination "francyIM won by checkmate"]

1. e4 Nf6 2. e5 Nd5 3. d4 d6 4. Nf3 Nb6 5. a4 a5 6. exd6 cxd6 7. Bd3 g6 8. h3 Bg7 9. O-O O-O 10. c3 Nc6 11. Be3 Be6 12. Nbd2 Nd5 13. Re1 Nxe3 14.
Rxe3 Bd5 15. Bc4 Bxc4 16. Nxc4 Rc8 17. Qb3 Rb8 18. Ncd2 d5 19. Rae1 e6 20. Qc2 b5 21.
axb5 Rxb5 22. R3e2 Qb6 23. b3 Rc8 24. Qd3 Qb8 25.
h4 h6 26. c4 Rb7 27. Qe3 dxc4 28. bxc4 Rd8 29. d5 exd5 30. cxd5 Nb4 31. Qe8+ Kh7 32.
Qa4 Rxd5 33. Nc4 Qc7 34. Ne3 Rc5 35. Nd2 Nd3 36. Rf1 Rb4 37. Qa3 Bc3 38. Nb3 Rxh4 39.
g3 Rg5 40. Kg2 Nf4+ 41. Kf3 Qc6+ 42. Nd5 Qxd5+ 43. Re4 Qd3+ 44. Re3 Qxf1 45. Qf8 Qg2# 0-1

[Event "Early-Titled-Tuesday-Blitz-May-07-2024"]
[Site "Chess.com"]
[Date "2024.05.07"]
[Round "6"]
[White "PavelShkapenko"]
[Black "betta2004"]
[Result "1-0"]
[WhiteElo "2722"]
[BlackElo "2540"]
[TimeControl "180+1"]
[EndTime "9:11:03 PDT"]
[Termination "PavelShkapenko won by resignation"]

1. e4 e5 2. Nf3 Nf6 3. Nc3 Bc5 4.
Nxe5 Nc6 5. Nf3 O-O 6. Be2 Re8 7. e5 Ng4 8. d4 Bb4 9. O-O d6 10. h3 dxe5 11. hxg4 exd4 12. Nb5 Bxg4 13. Bf4 Ba5 14. Na3 Qf6 15. Bg3 Re7 16. Bh4 Qxh4 17. Nxh4 Bxe2 18.
Qc1 Re5 19. Qf4 Rae8 20. Nf3 Re4 21. Qg3 h5 22. b3 Rg4 23. Qh3 Re6 24. Nc4 Bc3 25.
Rae1 Bxe1 26. Rxe1 d3 27. cxd3 b5 28. Ne3 Rgg6 29.
Rxe2 f5 30. Qxf5 1-0

[Event "Early-Titled-Tuesday-Blitz-May-07-2024"]
[Site "Chess.com"]
[Date "2024.05.07"]
[Round "6"]
[White "IMGC"]
[Black "Ginger_GM"]
[Result "1-0"]
[WhiteElo "2515"]
[BlackElo "2651"]
[TimeControl "180+1"]
[EndTime "9:11:03 PDT"]
[Termination "IMGC won by resignation"]

1. Nf3 f5 2. g3 Nf6 3. Bg2 d6 4. d4 e6 5. O-O Be7 6. b3 O-O 7. Bb2 Ne4 8. Nbd2 Bf6 9. Ne1 Nxd2 10. Qxd2 Nc6 11. c4 e5 12. Bxc6 bxc6 13. dxe5 dxe5 14.
Qxd8 Rxd8 15. Nd3 Re8 16. f4 exf4 17. Bxf6 gxf6 18. Nxf4 a5 19. Rad1 a4 20. Rf3 axb3 21. axb3 Kf7 22. Kf2 Ra2 23. Re3 Rxe3 24. Kxe3 Ke7 25.
Kd4 Rb2 26. Rd3 Bd7 27. Kc5 Rb1 28. Nh5 Be8 29. Re3+ Kf8 30. Nxf6 Bg6 31. Nd7+ Kg7 32.
Ne5 Rh1 33. Nf3 f4 34. gxf4 Kf6 35. Re5 Rb1 36. Nd4 Rh1 37. Nf3 Rb1 38. Kb4 Bc2 39.
Nd4 Bg6 40. Re6+ Kg7 41. Rxc6 Be4 42. Rxc7+ Kf6 43. Kc3 h5 44. Rc5 Kg6 45. Rg5+ Kh6 46. Re5 Bg2 47. Nf5+ Kh7 48. Ng3 h4 49. Rh5+ Kg6 50.
Rxh4 Rc1+ 51. Kd2 Rb1 52. Kc2 Ra1 53. Rg4+ Kf7 54. Rg5 Ra2+ 55. Kc3 1-0

[Event "Early-Titled-Tuesday-Blitz-May-07-2024"]
[Site "Chess.com"]
[Date "2024.05.07"]
[Round "6"]
[White "Nf3c5"]
[Black "Crasmus"]
[Result "1-0"]
[WhiteElo "2611"]
[BlackElo "2375"]
[TimeControl "180+1"]
[EndTime "9:11:03 PDT"]
[Termination "Nf3c5 won by resignation"]

1. e4 c5 2. Nc3 e6 3. d4 cxd4 4. Qxd4 Nc6 5. Qd3 Nf6 6. Bf4 Bb4 7.
O-O-O Qa5 8. Nge2 O-O 9. Bd6 Bxd6 10. Qxd6 b5 11. Qc5 b4 12. Qxa5 Nxa5 13. e5 bxc3 14. exf6 cxb2+ 15. Kb1 gxf6 16. Nf4 d5 17. Nh5 f5 18. g4 fxg4 19. Rg1 f5 20. h3 Kf7 21. hxg4 Rg8 22. Be2 Bb7 23. gxf5 exf5 24. Rh1 Rae8 25.
Nf4 Rg7 26. Bh5+ Kf8 27. Bxe8 Kxe8 28. Nxd5 Nc4 29. Rhe1+ Kf8 30. Nf4 Rg4 31. Rd4 Be4 32.
Ne6+ Ke7 33. Rxc4 Kxe6 34. f3 Kd5 35. Rcxe4 fxe4 36. fxg4 1-0

[Event "Early-Titled-Tuesday-Blitz-May-07-2024"]
[Site "Chess.com"]
[Date "2024.05.07"]
[Round "6"]
[White "twofoxniel"]
[Black "viktorgen2021"]
[Result "1-0"]
[WhiteElo "2666"]
[BlackElo "2501"]
[TimeControl "180+1"]
[EndTime "9:11:03 PDT"]
[Termination "twofoxniel won by resignation"]

1. e4 g6 2. d4 Bg7 3. Nc3 d6 4. Nf3 Nf6 5. h3 O-O 6. Be3 c6 7. Qd2 Qc7 8. O-O-O e5 9. Bh6 Re8 10. Bxg7 Kxg7 11. g4 b5 12. dxe5 dxe5 13. Qe3 Nbd7 14. Bg2 Nb6 15. Nh4 h6 16. g5 hxg5 17.
Qxg5 Nh7 18. Qg3 Nc4 19. b3 Qa5 20. bxc4 Qa3+ 21. Kd2 Be6 22. cxb5 Red8+ 23. Ke1 cxb5 24. Nd5 Qxa2 25. Nf5+ Kh8 26. Nfe7 Qxc2 27. Bf3 Qc5 28. Qh4 Kg7 29. Rg1 Bxd5 30. Nxd5 Rac8 31. Kf1 Qa3 32. Kg2 Rd7 33. Qg3 Qb2 34. Bg4 Rdc7 35. Bxc8 Rxc8 36.
Rb1 Qd4 37. Qe3 Qa4 38. Ra1 1-0

[Event "Early-Titled-Tuesday-Blitz-May-07-2024"]
[Site "Chess.com"]
[Date "2024.05.07"]
[Round "6"]
[White "IM_ArthurDW08"]
[Black "Aisen1011"]
[Result "1-0"]
[WhiteElo "2724"]
[BlackElo "2467"]
[TimeControl "180+1"]
[EndTime "9:11:03 PDT"]
[Termination "IM_ArthurDW08 won on time"]

1. e4 d5 2. exd5 Qxd5 3. Nc3 Qe5+ 4. Be2 Bg4 5. d4 Bxe2 6. Ngxe2 Qa5 7. O-O Nf6 8. d5 c6 9. b4 Qd8 10. Nf4 cxd5 11.
Nfxd5 Nxd5 12. Qxd5 Nc6 13. Qb5 Qc8 14. Bf4 e6 15.
Ne4 a6 16. Qg5 h6 17. Qg3 e5 18. Bxe5 Nxe5 19. Qxe5+ Qe6 20. Qb2 Be7 21. Nc5 Qf6 22. Qb3 Bxc5 23. bxc5 O-O 24. Qxb7 Rfb8 25. Qd5 Rd8 26. Qc4 Rac8 27. Rad1 Rxd1 28. Rxd1 Qc6 29. h3 Qxc5 30. Rd8+ Kh7 31. Rxc8 1-0

[Event "Early-Titled-Tuesday-Blitz-May-07-2024"]
[Site "Chess.com"]
[Date "2024.05.07"]
[Round "6"]
[White "MarlonJodar"]
[Black "s_stefi"]
[Result "1-0"]
[WhiteElo "2281"]
[BlackElo "1931"]
[TimeControl "180+1"]
[EndTime "9:11:04 PDT"]
[Termination "MarlonJodar won by resignation"]

1. e4 e5 2. Nf3 Nc6 3. Bb5 a6 4.
Ba4 Nf6 5. O-O b5 6. Bb3 Bc5 7. c3 d6 8. a4 Rb8 9. d4 Bb6 10. a5 Ba7 11. h3 O-O 12. Re1 h6 13. Be3 Ne7 14. Nbd2 Ng6 15. dxe5 Bxe3 16. exf6 Bxf2+ 17. Kxf2 Qxf6 18. Kg1 c5 19. Qe2 Nf4 20. Qf2 Nd3 21. Qg3 Nxe1 22. Rxe1 Bb7 23. Rf1 Qe7 24. Nh4 Kh8 25. Nf5 Qe5 26. Qxe5 dxe5 27. Nd6 c4 28.
Nxb7 Rxb7 29. Bc2 Rd7 30. Nf3 f6 31. Kf2 Rfd8 32. Ke3 Kg8 33. Rf2 Kf7 34. Rd2 Ke6 35.
Rxd7 Rxd7 36. b3 Rb7 37. b4 Rd7 38. Ne1 Rc7 39. Bd1 Rd7 40. Bg4+ f5 41. Bxf5+ 1-0

[Event "Early-Titled-Tuesday-Blitz-May-07-2024"]
[Site "Chess.com"]
[Date "2024.05.07"]
[Round "6"]
[White "m_ezat"]
[Black "KnightDuta"]
[Result "1-0"]
[WhiteElo "2573"]
[BlackElo "2722"]
[TimeControl "180+1"]
[EndTime "9:11:05 PDT"]
[Termination "m_ezat won on time"]

1. d4 Nf6 2. c4 g6 3. Nc3 d5 4.
Nf3 Bg7 5. Bf4 O-O 6. Rc1 c5 7. dxc5 dxc4 8. Qxd8 Rxd8 9. e3 Na6 10. c6 bxc6 11. Bxc4 Nd5 12. Nxd5 cxd5 13. Be2 Bxb2 14. Rb1 Bc3+ 15. Kf1 Bg7 16. h3 Nc5 17. g4 Ba6 18. Bxa6 Nxa6 19. Ke2 Nc5 20. Rhc1 Ne4 21. Rb7 Rdc8 22.
Rxc8+ Rxc8 23. Rxe7 Bf6 24. Rxa7 Rc2+ 25. Kd1 Rc8 26. a4 g5 27. Be5 Nxf2+ 28. Ke2 Rc2+ 29.
Ke1 Bxe5 30. Nxe5 Nxh3 31. Nxf7 Ng1 32. Nxg5 Ra2 33. a5 Ne2 34. Nxh7 Nc3 35. Nf6+ Kf8 36. g5 Rg2 37. a6 Rxg5 38. Nh7+ 1-0

[Event "Early-Titled-Tuesday-Blitz-May-07-2024"]
[Site "Chess.com"]
[Date "2024.05.07"]
[Round "6"]
[White "BM223344"]
[Black "PenguinPacks"]
[Result "0-1"]
[WhiteElo "2618"]
[BlackElo "2489"]
[TimeControl "180+1"]
[EndTime "9:11:05 PDT"]
[Termination "PenguinPacks won by checkmate"]

1. d4 Nf6 2. c4 g6 3. Nc3 Bg7 4. e4 d6 5. f4 O-O 6. Nf3 c5 7. d5 e6 8. Bd3 exd5 9. cxd5 a6 10. a4 Re8 11. O-O Nbd7 12. Re1 Rb8 13. a5 b5 14. e5 dxe5 15. fxe5 Ng4 16. e6 fxe6 17. dxe6 Nde5 18. Nxe5 Nxe5 19. Be4 Bxe6 20. Bf4 Bc4 21. Qc2 Qf6 22. Bg3 Rbd8 23. Rad1 Ng4 24. Rxd8 Rxd8 25. h3 Nh6 26. Bf2 Qd6 27. b3 Bf7 28. Ne2 Nf5 29.
Bxf5 gxf5 30. Qxf5 Bxb3 31. Qxc5 Qd2 32. Ng3 Qxe1+ 33. Kh2 Qxa5 34. Nh5 Rd5 35. Qc8+ Qd8 36. Qe6+ Kh8 37. Nxg7 Kxg7 38. Bg3 Qd7 39. Qxa6 Bc4 40. Qa1+ Kf7 41. Qc1 Rd2 42. Qe1 Qd5 43. Qg1 Qe4 44.
Qa7+ Ke8 45. Qb8+ Rd8 46. Qa7 Bd5 47. Qf2 b4 48. Bh4 Rc8 49. Qg3 Qxg2+ 50. Qxg2 Bxg2 51. Kxg2 b3 52. Bf6 b2 53. Bxb2 Rc2+ 54. Kg3 Rxb2 55.
Kg4 Kf7 56. Kh5 Kg7 57. h4 Rb5+ 58. Kg4 h5+ 59. Kf4 Kf6 60. Ke4 Rb4+ 61. Kf3 Rxh4 62.
Kg3 Rg4+ 63. Kf3 Kg5 64. Kf2 h4 65. Kf3 h3 66. Kf2 h2 67. Kf3 h1=Q+ 68. Ke2 Qh2+ 69. Kf1 Rg1# 0-1

[Event "Early-Titled-Tuesday-Blitz-May-07-2024"]
[Site "Chess.com"]
[Date "2024.05.07"]
[Round "6"]
[White "Polish_fighter3000"]
[Black "DanielDardha2005"]
[Result "1-0"]
[WhiteElo "3104"]
[BlackElo "2884"]
[TimeControl "180+1"]
[EndTime "9:11:08 PDT"]
[Termination "Polish_fighter3000 won by resignation"]

1. Nf3 d5 2. c4 dxc4 3. e3 Nf6 4. Bxc4 e6 5. O-O a6 6. Qe2 c5 7. Rd1 b5 8. Bb3 Nc6 9. a4 Rb8 10. axb5 axb5 11. d4 c4 12. Bc2 Nb4 13. e4 Nxc2 14.
Qxc2 Bb7 15. d5 exd5 16. exd5 Bd6 17. Re1+ Kf8 18. Nc3 b4 19. Ne2 Bxd5 20. Ned4 Qd7 21. Bg5 b3 22. Qb1 h6 23. Bh4 g5 24. Bg3 Bxg3 25.
hxg3 Bxf3 26. Nxf3 Kg7 27. Ne5 Qd5 28. Qf5 Rhe8 29. Rad1 Qe6 30. Qf3 Rb5 31. Nd3 Qc8 32. Rc1 Rxe1+ 33. Nxe1 Qc6 34. Qxc6 1-0

[Event "Early-Titled-Tuesday-Blitz-May-07-2024"]
[Site "Chess.com"]
[Date "2024.05.07"]
[Round "6"]
[White "TenisMaster"]
[Black "Phuzer"]
[Result "0-1"]
[WhiteElo "2873"]
[BlackElo "2632"]
[TimeControl "180+1"]
[EndTime "9:11:08 PDT"]
[Termination "Phuzer won by checkmate"]

1. e4 e5 2. Nf3 Nc6 3. Bc4 Bc5 4.
d3 Nf6 5. c3 a6 6. a4 d6 7. Bg5 h6 8. Bh4 Qe7 9. Nbd2 g5 10. Bg3 Nh7 11. b4 Ba7 12. b5 Nd8 13. bxa6 bxa6 14. O-O h5 15. h4 g4 16. Ne1 Nf8 17.
d4 exd4 18. e5 dxe5 19. Nd3 dxc3 20. Bxe5 cxd2 21. Bxh8 Qxh4 22. Qxd2 g3 23. Rfe1+ Nde6 24. Bd5 Rb8 25. Rac1 Ng6 26. Bc3 Qh2+ 27. Kf1 Nh4 28. Qh6 gxf2 29. Nxf2 Nf5 30. Qh8+ Kd7 31. Be5 Ng3+ 32.
Bxg3 Qxg3 33. Bc6+ Ke7 34. Rb1 Qxf2# 0-1

[Event "Early-Titled-Tuesday-Blitz-May-07-2024"]
[Site "Chess.com"]
[Date "2024.05.07"]
[Round "6"]
[White "Cipy77"]
[Black "djokovic74"]
[Result "1-0"]
[WhiteElo "2609"]
[BlackElo "2806"]
[TimeControl "180+1"]
[EndTime "9:11:09 PDT"]
[Termination "Cipy77 won by resignation"]

1. c4 e6 2. Nf3 Nf6 3. g3 d5 4.
Bg2 Be7 5. O-O O-O 6. b3 d4 7. e3 c5 8. exd4 cxd4 9. d3 Nc6 10.
Ba3 e5 11. Re1 Bxa3 12. Nxa3 Re8 13. Rc1 Bg4 14. h3 Bh5 15. g4 Bg6 16. Nh4 Qa5 17. Nb5 Rad8 18. Nxg6 hxg6 19. b4 Qxb4 20. Rb1 Qc5 21.
Qb3 e4 22. dxe4 a6 23. Nc7 Na5 24. Qb6 Qxb6 25. Rxb6 Nxc4 26. Rb4 b5 27. Nxe8 Nxe8 28. a4 Nc7 29. axb5 axb5 30. Bf1 Ne5 31. Rd1 g5 32. Kg2 Ne6 33. Rxb5 f6 34. Ra5 d3 35.
Kg3 Nf4 36. h4 Nc4 37. Rb5 Ne5 38. hxg5 Neg6 39. gxf6 gxf6 40. Rf5 Ne6 41. Rxd3 Nef8 42. Rxd8 1-0

[Event "Early-Titled-Tuesday-Blitz-May-07-2024"]
[Site "Chess.com"]
[Date "2024.05.07"]
[Round "6"]
[White "vanyakuba"]
[Black "Silent-Killer100"]
[Result "1-0"]
[WhiteElo "2434"]
[BlackElo "2553"]
[TimeControl "180+1"]
[EndTime "9:11:09 PDT"]
[Termination "vanyakuba won by resignation"]

1. e4 c5 2. c3 d5 3. exd5 Qxd5 4. d4 Nf6 5. Nf3 e6 6. Bd3 Nc6 7. O-O Be7 8. a3 cxd4 9. cxd4 O-O 10. Nc3 Qd6 11.
Re1 b6 12. Nb5 Qd8 13. Bf4 Nd5 14. Bg3 Bb7 15. Ne5 h6 16. Rc1 Nxe5 17. dxe5 Qd7 18. Nd6 Bg5 19. Rc4 Ba6 20. Rg4 Bxd3 21. Qxd3 f5 22. exf6 Nxf6 23. Rd4 Qc6 24. h4 e5 25. Bxe5 Nd7 26. hxg5 Nxe5 27. Rxe5 Qc1+ 28. Kh2 Qxb2 29. gxh6 Rxf2 30. Rg5 Rf6 31. Rxg7+ Kf8 32. Qe3 1-0

[Event "Early-Titled-Tuesday-Blitz-May-07-2024"]
[Site "Chess.com"]
[Date "2024.05.07"]
[Round "6"]
[White "jaramsdal"]
[Black "banane_verte"]
[Result "1/2-1/2"]
[WhiteElo "2419"]
[BlackElo "2577"]
[TimeControl "180+1"]
[EndTime "9:11:11 PDT"]
[Termination "Game drawn by stalemate"]

1. e4 e6 2. d4 d5 3. Nd2 Be7 4.
Ngf3 Nf6 5. Bd3 c5 6. exd5 exd5 7. dxc5 Bxc5 8. Qe2+ Be6 9. Ng5 Qe7 10. Nxe6 Qxe6 11. Qxe6+ fxe6 12. O-O O-O 13. Nf3 Nc6 14. c3 e5 15. Bb5 e4 16. Bxc6 bxc6 17. Nd4 Bxd4 18. cxd4 Rab8 19. b3 Ng4 20. Be3 Nxe3 21. fxe3 Rb5 22.
Rac1 Rxf1+ 23. Kxf1 Rb6 24. Ke2 Kf7 25. Kd2 Ke6 26. Rc5 Kd6 27. Ra5 Rb7 28. Ke2 g5 29.
Kf2 h5 30. Kg3 Rf7 31. h4 gxh4+ 32. Kxh4 Rf2 33. Rxa7 Rxg2 34. a4 Re2 35. a5 Rxe3 36.
Rb7 Re2 37. a6 Ra2 38. a7 e3 39. Kg3 h4+ 40. Kf3 e2 41. Kf2 h3 42. Rh7 h2 43. Rxh2 Rxa7 44. Rh6+ Kc7 45. Rh7+ Kb6 46. Rxa7 Kxa7 47. Kxe2 Kb6 48. Kd3 Kb5 49. Kc3 Ka5 50. Kc2 Kb5 51. Kc3 Ka5 52. Kc2 Kb4 53. Kb2 c5 54.
dxc5 Kxc5 55. Kc3 Kb5 56. Kd4 Kc6 57. b4 Kd6 58. b5 Kc7 59. Kxd5 Kb6 60. Kc4 Kb7 61.
Kc5 Kc7 62. b6+ Kb7 63. Kb5 Kb8 64. Kc6 Kc8 65. b7+ Kb8 66. Kb6 1/2-1/2

[Event "Early-Titled-Tuesday-Blitz-May-07-2024"]
[Site "Chess.com"]
[Date "2024.05.07"]
[Round "6"]
[White "chess123456s"]
[Black "unbreakablepawn35"]
[Result "1-0"]
[WhiteElo "2624"]
[BlackElo "2419"]
[TimeControl "180+1"]
[EndTime "9:11:12 PDT"]
[Termination "chess123456s won by resignation"]

1. d4 Nf6 2. Nc3 d5 3. Bf4 g6 4.
e3 Bg7 5. h4 h5 6. Nf3 O-O 7.
Qd2 c5 8. Ne5 Nc6 9. f3 Nd7 10.
Nxd7 Qxd7 11. dxc5 e5 12. Bg3 d4 13. exd4 exd4 14. Ne4 f5 15. Nd6 b6 16. cxb6 axb6 17.
Bc4+ Kh7 18. O-O Be5 19. Nxc8 Bxg3 20. Nxb6 Qd8 21. Qg5 Qxg5 22. hxg5 Rae8 23. Nd7 Kg7 24. Nxf8 Kxf8 25. Bb5 Re6 26. a4 Nb4 27. c3 Nc2 28.
cxd4 Nxa1 29. Rxa1 Rd6 30. a5 Rxd4 31. a6 Rd2 32. a7 Bf2+ 33. Kf1 Bxa7 34. Rxa7 Rxb2 35.
Bc4 Rb4 36. Bf7 Rb6 37. Kf2 Rd6 38. Bc4 Rb6 39. Ra6 Rxa6 40. Bxa6 1-0

[Event "Early-Titled-Tuesday-Blitz-May-07-2024"]
[Site "Chess.com"]
[Date "2024.05.07"]
[Round "6"]
[White "Oleksandr_Bortnyk"]
[Black "Aygehovit1992"]
[Result "1-0"]
[WhiteElo "3062"]
[BlackElo "2860"]
[TimeControl "180+1"]
[EndTime "9:11:14 PDT"]
[Termination "Oleksandr_Bortnyk won on time"]

1. e4 c5 2. Nf3 e6 3. g3 Nc6 4.
Bg2 Nf6 5. Nc3 d6 6. O-O Be7 7. d3 O-O 8. Ng5 Rb8 9. f4 Nd4 10.
Be3 b5 11. g4 b4 12. Nb1 a5 13. Nd2 a4 14. Nh3 Nd7 15. g5 Re8 16. c3 bxc3 17. bxc3 Nb5 18. Rc1 Bf8 19. Qxa4 Nc7 20. Nf2 Ra8 21.
Qc2 d5 22. h4 Ra3 23. h5 Bb7 24.
Ng4 Qa8 25. Ra1 Nb5 26. Nb1 d4 27. Nxa3 Nxa3 28. Qe2 dxe3 29. Nxe3 c4 30. Nxc4 Nxc4 31. dxc4 Nc5 32. e5 Bxg2 33. Qxg2 Qa4 34. Qe2 Qc6 35.
Rad1 Ne4 36. Qf3 Ra8 37. Rd4 Bc5 38. Re1 Bxd4+ 39. cxd4 Rxa2 40. Qxe4 Qxc4 41. Rb1 Rb2 42. Qa8+ 1-0